 Dungeon Crawl Stone Soup version 0.23.0 (webtiles) character file.

Game seed: 4312771713083547889

185 Lochraine the Digger (level 5, -1/40 HPs)
             Began as a Minotaur Earth Elementalist on Feb 11, 2019.
             Killed from afar by an orc wizard (2 damage)
             ... with a magic dart
             ... on level 2 of the Dungeon.
             The game lasted 00:06:52 (3268 turns).

Lochraine the Digger (Minotaur Earth Elementalist)  Turns: 3268, Time: 00:06:53

Health: -1/40      AC: 11    Str: 12 (13) XL:     5   Next: 37%
Magic:  7/7        EV:  3    Int: 10 (12) God:
Gold:   226        SH:  0    Dex: 10 (11) Spells: 7/8 levels left

rFire    . . .     SeeInvis .   u - +2 war axe (chop)
rCold    . . .     Gourm    .   (no shield)
rNeg     . . .     Faith    .   k - +0 plate armour
rPois    .         Spirit   .   (helmet restricted)
rElec    .         Reflect  .   (no cloak)
rCorr    .         Harm     .   (no gloves)
MR       .....     Rnd*Tele +   (no boots)
Stlth    ..........             (no amulet)
HPRegen  0.13/turn              j - ring of teleportation (curse)
MPRegen  0.10/turn              (no ring)

@: confused
A: retaliatory headbutt, horns 2
a: no special abilities


You were on level 2 of the Dungeon.
You were not hungry.

You visited 1 branch of the dungeon, and saw 3 of its levels.

You collected 226 gold pieces.

Inventory:

Hand Weapons
 e - a +0 club
   (You took it off a goblin on level 1 of the Dungeon)
 f - a +2 dagger of freezing
   (You took it off Jessica on level 3 of the Dungeon)
 n - a +0 hunting sling
   (You took it off a goblin on level 2 of the Dungeon)
 r - a +0 mace
   (You took it off an orc on level 3 of the Dungeon)
 u - a +2 war axe of chopping (weapon)
   (You took it off an orc on level 2 of the Dungeon)
Missiles
 b - 92 stones (quivered)
 h - 11 javelins
 p - 12 poisoned needles
Armour
 a - a +0 leather armour
   (You found it on level 1 of the Dungeon)
 c - a +0 robe
 k - a +0 plate armour (worn)
   (You found it on level 2 of the Dungeon)
Jewellery
 j - a cursed ring of teleportation (left hand)
   (You found it on level 1 of the Dungeon)
Scrolls
 g - 3 scrolls of identify {@r1}
 i - a scroll of fog {unknown}
 l - 2 scrolls of enchant armour {unknown}
 o - a scroll of immolation {unknown}
 q - a scroll of teleportation {unknown}
Comestibles
 d - 6 rations
 t - 8 chunks of flesh


   Skills:
 + Level 1.4 Fighting
 + Level 0.5 Axes
 * Level 2.3 Armour
 + Level 2.6 Dodging
 - Level 1.5 Stealth
 - Level 2.4 Spellcasting
   Level 0.7 Transmutations
 - Level 3.5 Earth Magic


You had 7 spell levels left.
You knew the following spells:

 Your Spells              Type           Power        Failure   Level  Hunger
a - Sandblast             Erth           #.....       100%        1    ##.....

Your spell library contained the following spells:

 Spells                   Type           Power        Failure   Level  Hunger
 Passwall                 Tmut/Erth      #.......     100%        2    ###....
 Stone Arrow              Conj/Erth      #.....       100%        3    ####...
 Petrify                  Tmut/Erth      #.......     100%        4    #####..
 Lee's Rapid Deconstruct  Erth           #.........   100%        5    ######.


Dungeon Overview and Level Annotations

Branches:
Dungeon (3/15)

Altars:


Innate Abilities, Weirdness & Mutations

You reflexively headbutt those who attack you in melee.
You have a pair of horns on your head.


Message History

You feel weakened.
You feel dopey.
You feel clumsy.
The orc wizard hits you but does no damage.
It was a potion of magic.
Magic courses through your body.
The orc wizard hits you but does no damage.
You slash the orc wizard! Your headbutt misses the orc wizard.
The orc wizard hits you but does no damage.
The orc wizard casts a spell at you. You resist with some effort.
Okay, then.
You miss the orc wizard. Your headbutt misses the orc wizard.
The orc wizard hits you with a +0 dagger.
* * * LOW HITPOINT WARNING * * *
You aren't carrying any items that you can evoke.
Unknown command.
You hit the orc wizard.
The orc wizard hits you but does no damage.
You hit the orc wizard but do no damage.
The orc wizard hits you but does no damage.
The orc wizard hits you with a +0 dagger.
* * * LOW HITPOINT WARNING * * *
You miss the orc wizard.
The orc wizard hits you but does no damage.
You closely miss the orc wizard.
You headbutt the orc wizard, but do no damage.
The orc wizard hits you but does no damage. x2
You closely miss the orc wizard. The orc wizard casts a spell at you.
The magic dart hits you.
* * * LOW HITPOINT WARNING * * *
Your plate armour prevents you from hitting the orc wizard.
The orc wizard gestures at you while chanting.
The puff of flame hits you.
* * * LOW HITPOINT WARNING * * *
The orc wizard gestures wildly while chanting.
The orc wizard flickers and vanishes!
Deactivating autopickup; reactivate with Ctrl-A.
You miss something. Something hits you but does no damage.
You closely miss something.
You hear some strange, mumbled words.
A puff of flame appears from out of thin air!
The puff of flame hits you.
* * * LOW HITPOINT WARNING * * *
You hear some strange, mumbled words.
You are confused.
You hear some strange, mumbled words.
Something tries to affect you, but you resist.
You hear some strange, mumbled words.
A magic dart appears from out of thin air!
The magic dart hits you.
You die...

.###....####....#.# ##.####.#
......#.# #.....)#######..# #..
.###.##.# #.....#......#.## ##.
.###.##.# #...##.........#
###..
........####..รท#..........#
#...#
###...#.......##..........#
#.###
.....##.......##..........###.#
####.........###.{.)..........#
.....##......# #@.>)......#####
#######......# ##.)......##
#......# ##........## ########
#..........# #..........#
#..........# #..........#
#..........# ##........##


There were no monsters in sight!

Vanquished Creatures
  Jessica (D:3)
  An orc wizard (D:2)
  4 gnolls
  2 adders
  4 worms
  2 dart slugs
  2 leopard geckos (D:3)
  7 orcs
  6 bats
  A giant cockroach (D:2)
  8 goblins
  A hobgoblin (D:1)
  4 jackals (D:2)
  6 frilled lizards
  3 kobolds
  8 rats
60 creatures vanquished.

Notes
Turn   | Place    | Note
-------+----------+-------------------------------------------
     0 | D:1      | Lochraine the Minotaur Earth Elementalist began the quest
                  | for the Orb.
     0 | D:1      | Reached XP level 1. HP: 14/14 MP: 1/1
   159 | D:1      | Reached XP level 2. HP: 20/20 MP: 3/3
   977 | D:2      | Reached skill level 3 in Earth Magic
   977 | D:2      | Reached XP level 3. HP: 11/26 MP: 1/5
  1878 | D:2      | Reached XP level 4. HP: 18/33 MP: 6/6
  2623 | D:3      | Reached skill level 1 in Armour
  2740 | D:3      | Noticed Jessica
  2908 | D:3      | Killed Jessica
  2908 | D:3      | Reached skill level 1 in Fighting
  2908 | D:3      | Reached XP level 5. HP: 23/40 MP: 7/7
  3264 | D:2      | HP: 1/40 [orc wizard/puff of flame (2)]
  3268 | D:2      | Killed from afar by an orc wizard

Skill      XL: |  1  2  3  4  5 |
---------------+----------------+-----
Spellcasting   | 2 |  2.4
Earth Magic    | 3 |  3.5
Armour         | 1 2 |  2.3
Fighting       | 1 |  1.4
Axes           | |  0.5
Dodging        | |  2.6
Stealth        | |  1.5
Transmutations | |  0.7

Action                   |  1- 3 |  4- 6 || total
-------------------------+-------+-------++-------
Melee: Club              |   119 |    92 ||   211
       Unarmed           |     5 |       ||     5
       Headbutt          |    10 |    27 ||    37
       Mace              |       |    12 ||    12
       War axe           |       |    24 ||    24
       Dagger            |       |    20 ||    20
Throw: Javelin           |       |     5 ||     5
 Cast: Sandblast         |     8 |       ||     8
  Use: Scroll            |     1 |       ||     1
       Potion            |       |     3 ||     3
  Eat: Chunk             |     3 |     5 ||     8
Armor: Leather armour    |    21 |       ||    21
       Robe              |     1 |       ||     1
       Plate armour      |   129 |   122 ||   251
Dodge: Dodged            |    73 |    31 ||   104
